 Dungeon Crawl Stone Soup version 0.28.0-43-g3370ac3207 (webtiles) character file.

Game seed: 6875692950003912891

11478 pkoi the Grappler (level 11, -1/94 HPs)
             Began as a Demigod Gladiator on Mar 31, 2022.
             Slain by a komodo dragon (18 damage)
             ... on level 2 of the Lair of Beasts.
             The game lasted 00:18:03 (10993 turns).

pkoi the Grappler (Demigod Gladiator)              Turns: 10993, Time: 00:18:03

Health: -1/94      AC: 16    Str: 23    XL:     11   Next: 25%
Magic:  17/17      EV: 10    Int: 16    God:
Gold:   510        SH:  0    Dex: 23    Spells: 11/13 levels left

rFire   . . .      SeeInvis .     - Unarmed
rCold   . . .      Faith    .   (no shield)
rNeg    + . .      Spirit   .   F - +0 chain mail of Morality {Dex+4 Slay+2}
rPois   +          Reflect  .   b - +1 helmet
rElec   .          Harm     .   q - +0 cloak
rCorr   .          Rampage  .   a - +2 pair of gloves "Seilint" {rPois Regen+}
Will    +....                   u - +0 pair of boots
Stlth   ..........              A - amulet of regeneration
HPRegen 1.85/turn               n - ring of positive energy
MPRegen 0.15/turn               j - +6 ring of intelligence

@: no status effects
A: high MP 1, forlorn, divine attributes
a: no special abilities


You were on level 2 of the Lair of Beasts.
You visited 3 branches of the dungeon, and saw 11 of its levels.

You collected 510 gold pieces.

Inventory:

Hand Weapons
 k - a +4 dagger of protection
 z - a +7 hunting sling of freezing
 C - a +6 trident of freezing
Missiles
 c - 7 throwing nets (quivered)
 m - 2 atropa-tipped darts
 p - 3 curare-tipped darts
 M - 7 javelins
 N - 2 datura-tipped darts
 O - 24 poisoned darts
Armour
 a - the +2 pair of gloves "Seilint" (worn) {rPois Regen+}
   (You acquired it on level 6 of the Dungeon)

   rPois:     It protects you from poison.
   Regen:     It increases your rate of health regeneration.
 b - a +1 helmet (worn)
 q - a +0 cloak (worn)
 u - a +0 pair of boots (worn)
 F - the +0 chain mail of Morality (worn) {Dex+4 Slay+2}
   (You found it on level 6 of the Dungeon)

   Dex:       It affects your dexterity (+4).
   Slay:      It affects your accuracy & damage with ranged weapons and melee
   (+2).
Jewellery
 j - a +6 ring of intelligence (right hand)
 n - a ring of positive energy (left hand)
 A - an amulet of regeneration (around neck)
Wands
 d - a wand of acid (4)
 v - a wand of paralysis (8)
 E - a wand of flame (16)
Scrolls
 e - a scroll of identify
 g - 2 scrolls of magic mapping
 h - 2 scrolls of amnesia
 o - 3 scrolls of teleportation
 r - 2 scrolls of silence
 x - a scroll of blinking
 y - a scroll of enchant armour
 L - a scroll of enchant weapon
 Q - a scroll of summoning
Potions
 l - 2 potions of curing
 s - 2 potions of flight
 w - 2 potions of cancellation
 B - a potion of might
 D - 2 potions of ambrosia
 H - 3 potions of heal wounds
 I - a potion of brilliance


   Skills:
 + Level 7.8 Fighting
 - Level 1.7 Throwing
 + Level 3.2 Armour
 - Level 3.0 Dodging
 + Level 12.1 Unarmed Combat
 * Level 1.8 Spellcasting
 * Level 2.0 Transmutations
 + Level 7.9 Evocations


You had 11 spell levels left.
You knew the following spells:

 Your Spells              Type           Power      Damage    Failure   Level
a - Wereblood             Tmut           7%         N/A       73%         2

Your spell library contained the following spells:

 Spells                   Type           Power      Damage    Failure   Level
 Sublimation of Blood     Necr           1%         N/A       94%         2
 Hailstorm                Conj/Ice       1%         3d3       100%        4
 Ice Form                 Ice/Tmut       4%         N/A       100%        4
 Simulacrum               Ice/Necr       0%         N/A       100%        6
 Summon Hydra             Summ           0%         N/A       100%        7


Dungeon Overview and Level Annotations

Branches:
Dungeon (8/15)             Temple (1/1) D:6            Lair (2/6) D:8
  Swamp: Lair:2-4    Shoals: Lair:2-4     Snake: Lair:2-4    Spider: Lair:2-4

Shops:
D:1 ?

Annotations:
Lair:2 3 runed translucent doors, Zeor's ghost, journeyman MfGl


Innate Abilities, Weirdness & Mutations

You have an increased reservoir of magic. (+10% MP)
You shall have no god before yourself.
Your divine heritage dramatically boosts your attributes as you level up.


Message History

The komodo dragon bites you but does no damage.
You hit the komodo dragon but do no damage.
The komodo dragon bites you!!
* * * LOW HITPOINT WARNING * * *
You closely miss the komodo dragon.
You hit the komodo dragon but do no damage.
You punch the komodo dragon!
The komodo dragon is lightly wounded.
The komodo dragon bites you!
* * * LOW HITPOINT WARNING * * *
You punch the komodo dragon!
The komodo dragon is heavily wounded.
The komodo dragon bites you!!
* * * LOW HITPOINT WARNING * * *
You hit the komodo dragon but do no damage.
The komodo dragon is moderately wounded.
The komodo dragon bites you!
* * * LOW HITPOINT WARNING * * *
You closely miss the komodo dragon.
The komodo dragon is moderately wounded.
The komodo dragon bites you but does no damage.
You hit the komodo dragon.
The komodo dragon is heavily wounded.
You punch the komodo dragon!
The komodo dragon is severely wounded.
The komodo dragon barely misses you.
You hit the komodo dragon but do no damage.
The komodo dragon is severely wounded.
The komodo dragon bites you.
* * * LOW HITPOINT WARNING * * *
You hit the komodo dragon but do no damage.
The komodo dragon is severely wounded.
The komodo dragon bites you!!
* * * LOW HITPOINT WARNING * * *
You hit the komodo dragon.
The komodo dragon is almost dead.
You closely miss the komodo dragon.
The komodo dragon is almost dead.
The komodo dragon bites you!!
You die...

......≈≈..
...$............
...............###... ♣≈
#P.............##.<. ≈♣
#............#.##.≈♣≈≈
####.....##.....#.#≈♣PP≈
.........#........♣♣PP≈≈
..................♣≈≈≈≈≈
.......@l.........≈♣≈≈♣P
.........##......##≈♣≈≈P
#######..##......##.≈♣≈≈
##...##.###....###.♣≈♣≈
#....J#..##.....##..≈†♣
.
}?..JW+..#.....##....#♣
..
_!..JJ+................
...
)...!J+................
....
#.....#................


You could see a komodo dragon.

Vanquished Creatures
  Harold (D:7)
  6 cane toads
  2 komodo dragons
  A rime drake (Lair:1)
  A hornet (D:8)
  A troll (D:7)
  Eustachio (D:4)
  3 wyverns
  10 yaks
  A steam dragon (D:8)
  2 vampire mosquitoes (D:7)
  Menkaure (D:7)
  An acid dragon (D:8)
  6 water moccasins
  2 orc warriors
  2 hornet zombies
  4 ice beasts
  2 black bears
  4 necrophages
  5 wolves
  3 ogres
  2 centaurs
  A phantom (D:5)
  2 kobold brigands
  4 bullfrogs
  5 scorpions
  3 gnoll sergeants
  2 wyvern zombies
  2 water moccasin zombies (D:6)
  2 water moccasin skeletons
  A killer bee (D:7)
  2 wights (D:6)
  A howler monkey (D:7)
  3 bullfrog zombies (D:6)
  An electric eel (Lair:2)
  4 centaur zombies
  A human zombie (D:6)
  An orc priest (D:8)
  2 hounds (D:7)
  5 centaur skeletons (D:7)
  A gnoll shaman (D:7)
  Ijyb (D:5)
  3 iguanas
  7 orc wizards
  A killer bee zombie (D:7)
  A hound skeleton (D:5)
  A mummy (D:6)
  2 howler monkey skeletons
  5 adders
  12 gnolls
  3 white imps (D:7)
  An ufetubus (D:4)
  An adder skeleton (D:4)
  29 orcs
  10 ball pythons
  9 endoplasms
  A giant cockroach (D:1)
  9 goblins
  10 hobgoblins
  2 jackals (D:2)
  8 kobolds
  3 quokkas
  10 bats
  5 frilled lizards
  7 rats
245 creatures vanquished.

Vanquished Creatures (others)
  7 fungi
  29 plants
36 creatures vanquished.

Grand Total: 281 creatures vanquished

Notes
Turn   | Place    | Note
-------+----------+-------------------------------------------
     0 | D:1      | pkoi the Demigod Gladiator began the quest for the Orb.
     0 | D:1      | Reached XP level 1. HP: 17/17 MP: 3/3
    57 | D:1      | Reached skill level 3 in Unarmed Combat
   267 | D:1      | Reached XP level 2. HP: 24/24 MP: 4/4
   670 | D:1      | Found Rylogukk's Magic Scroll Shoppe.
  1361 | D:2      | Reached XP level 3. HP: 10/29 MP: 5/5
  1610 | D:2      | Reached skill level 4 in Unarmed Combat
  2847 | D:3      | Reached XP level 4. HP: 36/36 MP: 6/6
  3810 | D:4      | Reached skill level 1 in Armour
  3810 | D:4      | Reached XP level 5. HP: 30/41 MP: 7/7
  3970 | D:4      | Noticed a necrophage
  4006 | D:3      | Killed a necrophage
  4007 | D:3      | Reached skill level 5 in Unarmed Combat
  4007 | D:3      | Reached skill level 1 in Evocations
  4164 | D:4      | Reached XP level 6. HP: 37/50 MP: 8/8
  5037 | D:5      | Entered Level 5 of the Dungeon
  5055 | D:5      | Noticed Eustachio
  5097 | D:4      | Killed Eustachio
  5339 | D:4      | Reached skill level 6 in Unarmed Combat
  5339 | D:4      | Reached XP level 7. HP: 14/57 MP: 9/9
  5993 | D:5      | Noticed Ijyb
  6037 | D:5      | Killed Ijyb
  6432 | D:5      | Reached skill level 7 in Unarmed Combat
  6432 | D:5      | Reached XP level 8. HP: 65/66 MP: 10/10
  6816 | D:6      | Found a staircase to the Ecumenical Temple.
  6823 | D:6      | Identified the +0 chain mail of Morality {Dex+4 Slay+2}
  6837 | Temple   | Entered the Ecumenical Temple
  7063 | D:6      | Identified a scroll of acquirement
  7063 | D:6      | Acquired the +2 pair of gloves "Seilint" {rPois Regen+}
  7335 | D:6      | Reached skill level 5 in Fighting
  7335 | D:6      | Reached skill level 8 in Unarmed Combat
  7556 | D:6      | Reached XP level 9. HP: 73/74 MP: 11/11
  7793 | D:7      | Reached skill level 5 in Evocations
  7866 | D:7      | Reached skill level 9 in Unarmed Combat
  8134 | D:7      | Noticed Harold
  8145 | D:7      | Killed Harold
  8146 | D:7      | Reached skill level 10 in Unarmed Combat
  8264 | D:7      | Reached XP level 10. HP: 77/83 MP: 13/13
  8368 | D:7      | Reached skill level 11 in Unarmed Combat
  8784 | D:7      | Noticed Menkaure
  8791 | D:7      | Killed Menkaure
  9206 | D:8      | Paralysed by a hornet for 2 turns
  9365 | D:8      | Found a staircase to the Lair.
 10043 | Lair:1   | Entered Level 1 of the Lair of Beasts
 10632 | Lair:2   | Reached XP level 11. HP: 90/92 MP: 14/14
 10643 | Lair:1   | Reached skill level 12 in Unarmed Combat
 10690 | Lair:2   | Learned a level 2 spell: Wereblood
 10783 | Lair:2   | Reached skill level 1 in Transmutations
 10864 | Lair:2   | Found a runed translucent gate.
 10865 | Lair:2   | Found a runed translucent gate.
 10867 | Lair:2   | Found a runed translucent gate.
 10886 | Lair:1   | Reached skill level 1 in Spellcasting
 10963 | Lair:2   | Noticed Zeor's ghost (journeyman MfGl)
 10993 | Lair:2   | Slain by a komodo dragon

Illustrated notes

Levels and vault maps discovered:
D:1:      minmay_arrival_jagged, layout_rooms, serial_shops,
          nicolae_shop_behind_doors
D:2:      layout_basic, eino_tiny_chamber
D:3:      layout_loops_ring, mainiacjoe_overflow_alcove_1,
          hellmonk_ecumenical_altar_run_dry
D:4:      layout_loops_ring, mainiacjoe_overflow_paths, serial_forest,
          infiniplex_forest_pool, infiniplex_forest_clump_tiny,
          infiniplex_forest_3_way, infiniplex_forest_straight_3,
          infiniplex_forest_diagonal, infiniplex_forest_straight_3,
          infiniplex_forest_end_1, infiniplex_forest_corner_2
D:5:      layout_rooms, nzn_wu_jian_council_hall, dk_noncrumbling_2, uniq_ijyb,
          uniq_eustachio
D:6:      layout_loops_ring, mainiacjoe_overflow_chevrons,
          nicolae_dithmenos_the_darkroom, mainiacjoe_overflow_24_doors,
          lemuel_mausoleum_altar_kikubaaqudgha, minmay_temple_entry_arrows,
          hangedman_decor_riveting
D:7:      kennysheep_windowed_halls, layout_basic,
          mainiacjoe_overflow_tiny_flanked, hangedman_ru_absence,
          ashenzari_altar_1, minmay_misc_feat_pillars,
          minmay_fractal_squares_diagonal_5, uniq_harold, uniq_menkaure
D:8:      layout_basic, lemuel_coloured_pillars_altar, xom_shifter_show,
          dpeg_oklobed_lair, chequers_serial_rivers_small_a
Temple:   dpeg_three_leaves_temple
Lair:1:   layout_cave_shapes
Lair:2:   layout_small_grid, spider_nest_entry_funnel_web, gammafunk_ghost_ooze,
          serial_bayou, serial_bayou_shore_b, serial_bayou_pond_d,
          serial_bayou_ford_a, serial_bayou_lake_a, serial_bayou_pond_e,
          uniq_prince_ribbit2

Skill      XL: |  1  2  3  4  5  6  7  8  9 10 11 |
---------------+----------------------------------+-----
Unarmed Combat | 3 4 5 6 7 8 10 11 12 | 12.1
Fighting       | 2 3 4 5 6 7 |  7.8
Armour         | 1 2 3 |  3.2
Dodging        | 3 |  3.0
Evocations     | 1 2 3 4 6 7 |  7.9
Transmutations | 2 |  2.0
Spellcasting   | 1 |  1.8
Throwing       | |  1.7

Action                   |  1- 3 |  4- 6 |  7- 9 | 10-12 || total
-------------------------+-------+-------+-------+-------++-------
Melee: Dagger            |   257 |   100 |       |       ||   357
       Club              |     5 |       |       |       ||     5
       Punch             |     8 |     7 |    25 |    27 ||    67
       Unarmed           |     7 |   114 |   418 |   295 ||   834
Throw: Javelin           |       |       |     1 |       ||     1
Evoke: Wand              |       |     1 |     2 |     3 ||     6
  Use: Scroll            |     8 |       |     6 |     8 ||    22
       Potion            |     1 |       |     1 |       ||     2
 Stab: Paralysed         |       |     5 |    12 |     2 ||    19
       Distracted        |       |       |       |     1 ||     1
Armor: Leather armour    |    31 |       |    47 |       ||    78
       Chain mail        |   133 |   112 |   150 |   137 ||   532
Dodge: Dodged            |   126 |    65 |   193 |   144 ||   528
